 Dungeon Crawl Stone Soup version 0.24.0-123-gd5b16e6ec5 (webtiles) character file.

Game seed: 6323290601198251922, levelgen mode: deterministic

56 eccles the Skirmisher (level 3, -2/29 HPs)
             Began as a Demonspawn Abyssal Knight on Jan 16, 2020.
             Was a Follower of Lugonu.
             Slain by an ogre
             ... wielding a +0 giant club
              (18 damage)
             ... on level 2 of the Dungeon.
             The game lasted 00:05:56 (2079 turns).

eccles the Skirmisher (Demonspawn Abyssal Knight)   Turns: 2079, Time: 00:05:56

Health: -2/29      AC:  4    Str: 13    XL:     3   Next: 71%
Magic:  5/5        EV: 11    Int: 13    God:    Lugonu [*.....]
Gold:   114        SH:  0    Dex: 12    Spells: 2/2 levels left

rFire    . . .     SeeInvis .   a - +1 falchion
rCold    . . .     Gourm    .   (no shield)
rNeg     . . .     Faith    .   q - +0 leather armour
rPois    .         Spirit   .   (no helmet)
rElec    .         Reflect  .   (no cloak)
rCorr    .         Harm     .   (no gloves)
MR       .....                  (no boots)
Stlth    +.........             (no amulet)
HPRegen  0.09/turn              (no ring)
MPRegen  0.09/turn              (no ring)

@: no status effects
A: rugged brown scales 1
a: Depart the Abyss, Renounce Religion


You were on level 2 of the Dungeon.
You worshipped Lugonu.
Lugonu was aware of your devotion.
You were hungry.

You visited 1 branch of the dungeon, and saw 2 of its levels.
You visited the Abyss 1 time.

You collected 114 gold pieces.

Inventory:

Hand Weapons
 a - a +1 falchion (weapon)
 u - a +0 mace
Missiles
 l - 31 stones
 v - 8 poisoned darts (quivered)
 x - 39 arrows
Armour
 b - a +0 leather armour
 q - a +0 leather armour (worn)
Jewellery
 d - an uncursed ring of stealth {unknown}
 e - an uncursed ring of flight {unknown}
 f - an uncursed amulet of the gourmand {unknown}
 g - an uncursed ring of fire {unknown}
 r - a +4 ring of strength {unknown}
 t - a +4 amulet of reflection {unknown}
Scrolls
 h - 3 scrolls of enchant weapon {unknown}
 i - a scroll of fear {unknown}
 m - 3 scrolls of teleportation {unknown}
 n - 2 scrolls of magic mapping {unknown}
 o - a scroll of identify {unknown}
 p - a scroll of immolation {unknown}
 s - 2 scrolls of enchant armour {unknown}
 w - a scroll of random uselessness {unknown}
Potions
 j - a potion of heal wounds
 k - 4 potions of curing {unknown}
 A - a potion of cancellation {unknown}
Comestibles
 c - 2 rations


   Skills:
 + Level 3.4 Fighting
 + Level 2.2 Long Blades
 + Level 2.2 Armour
 + Level 1.5 Dodging
 + Level 3.2 Invocations


You had 2 spell levels left.
You didn't know any spells.
Your spell library was empty.

Dungeon Overview and Level Annotations

Branches:
Dungeon (2/15)

Altars:


Innate Abilities, Weirdness & Mutations

You are partially covered in rugged brown scales. (AC +1, +3% HP)


Message History

Found a ration.
Found a glowing large shield.
Found a spear.
e - a marble ring An ogre comes into view.
It is wielding a +0 giant club.
The ogre shouts!
A worm comes into view.
A rat comes into view.
A frilled lizard comes into view.
The frilled lizard hisses angrily.
Found a puce potion and 7 gold pieces.
The ogre hits you with a +0 giant club!
Throwing (i - inventory. (/) - cycle)
v - 9 poisoned darts (quivered)
Press: ? - help, Shift-Dir - straight line, f - ogre
Aim: an ogre, wielding a +0 giant club You throw a poisoned dart.
The poisoned dart hits the ogre.
The ogre is poisoned.
The ogre looks more healthy.
The ogre hits you with a +0 giant club!!
Ouch! That really hurt!
You die...

..###.......#####....##.#...#
............................#
#.##...........#..######..######
#.##................# #..#.....
#.# .....>...##.....####........
#.# .........###................
#.###.)......# #.#..###.###....!
..............##.#..###.## .....
..##............@........# ....
...#.........###O#.......# .###
...#.........##..#.......##
...#.........##r#####.....#
....#.......###.##........##
....##.....####l##.##......#
........## #.....##......#
##..###..#####.............# #
#.###$..l......###.####.##


You could see an ogre, a frilled lizard and a rat.

Vanquished Creatures
  A worker ant (D:2)
  An adder (D:2)
  A worm (D:2)
  2 leopard geckos
  A giant cockroach (D:2)
  4 goblins
  4 jackals (D:1)
  A ball python (D:2)
  A bat (D:1)
  3 frilled lizards
  2 rats (D:1)
21 creatures vanquished.

Notes
Turn   | Place    | Note
-------+----------+-------------------------------------------
     0 | Abyss:1  | eccles the Demonspawn Abyssal Knight began the quest for
                  | the Orb.
     0 | Abyss:1  | Reached XP level 1. HP: 18/18 MP: 2/2
    28 | Abyss:1  | Noticed a flying skull
    29 | D:1      | Escaped the Abyss
   400 | D:1      | Reached * piety under Lugonu
   630 | D:1      | Gained mutation: You are partially covered in rugged brown
                  | scales. (AC +1, +3% HP) [demonic ancestry]
   630 | D:1      | Reached XP level 2. HP: 15/24 MP: 3/3
   949 | D:1      | Reached skill level 1 in Dodging
  1120 | D:2      | Reached XP level 3. HP: 17/29 MP: 3/5
  2052 | D:2      | Noticed an ogre
  2079 | D:2      | Slain by an ogre

Levels and vault maps discovered:
D:1:      minmay_arrival_four_houses, layout_basic
D:2:      layout_rooms

Skill      XL: |  1  2 |
---------------+-------+-----
Long Blades    | 2 |  2.2
Dodging        | 1 |  1.5
Armour         | 2 |  2.2
Invocations    | 3 |  3.2
Fighting       | |  3.4

Action                   || total
-------------------------++-------
Melee: Falchion          ||    67
Throw: Dart              ||    11
Invok: Depart the Abyss  ||     1
  Use: Potion            ||     1
       Scroll            ||     1
  Eat: Chunk             ||     3
Armor: Leather armour    ||    17
Dodge: Dodged            ||    43
       Rpst.: Falchion   ||    18
